 Dungeon Crawl Stone Soup version 0.21-a0-401-g0b6bec4 (webtiles) character file.

658 FrankyJ the Conjurer (level 7, -3/36 HPs)
             Began as a Deep Elf Conjurer on Oct 24, 2017.
             Slain by Duvessa
             ... wielding a +0 rapier
              (5 damage)
             ... on level 3 of the Dungeon.
             The game lasted 00:12:36 (4884 turns).

FrankyJ the Conjurer (Deep Elf Conjurer)            Turns: 4884, Time: 00:12:36

Health: -3/36      AC:  6    Str:  5    XL:     7   Next: 30%
Magic:  17/18      EV: 16    Int: 22    God:
Gold:   310        SH:  0    Dex: 15    Spells: 7/18 levels left

rFire    . . .     SeeInvis .   d - +0 dagger
rCold    . . .     Gourm    .   (no shield)
rNeg     . . .     Faith    .   A - +2 animal skin
rPois    .         Spirit   .   j - +0 helmet
rElec    .         Reflect  .   (no cloak)
rCorr    .         Harm     .   (no gloves)
MR       .....                  C - +0 pair of boots
Stlth    +++.......             (no amulet)
HPRegen  0.12/turn              m - ring of wizardry
MPRegen  0.16/turn              o - ring of stealth

@: no status effects
A: no striking features
a: no special abilities


You were on level 3 of the Dungeon.
You were hungry.

You visited 1 branch of the dungeon, and saw 4 of its levels.

You collected 310 gold pieces.

Inventory:

Hand Weapons
 d - a +0 dagger (weapon)
Missiles
 v - 2 javelins (quivered)
Armour
 a - a +0 robe
 j - a +0 helmet (worn)
 A - a +2 animal skin (worn)
 C - a +0 pair of boots (worn)
Jewellery
 m - a ring of wizardry (left hand)
 o - a ring of stealth (right hand)
 t - an uncursed ring of magical power {unknown}
Scrolls
 e - 2 scrolls of immolation {unknown}
 n - a scroll of noise {unknown}
 q - 2 scrolls of fog {unknown}
 s - a scroll of remove curse {unknown}
 u - a scroll of fear {unknown}
 y - a scroll of identify {unknown}
 z - a scroll of enchant armour {unknown}
 B - a scroll of amnesia {unknown}
Potions
 h - 2 potions of flight {unknown}
 i - 2 potions of agility
 k - 2 potions of heal wounds {unknown}
 l - 5 potions of curing {unknown}
 p - 2 potions of mutation {unknown}
 r - 2 potions of berserk rage {unknown}
 x - a potion of resistance
 D - a potion of haste {unknown}
 E - a potion of lignification {unknown}
Books
 b - a book of Conjurations

   Spells                             Type                      Level
   a - Magic Dart                     Conjuration                  1
   b - Searing Ray                    Conjuration                  2
   c - Dazzling Spray                 Conjuration/Hexes            3
   d - Fulminant Prism                Conjuration/Hexes            4
   e - Force Lance                    Conjuration/Translocation    4
   f - Iskenderun's Mystic Blast      Conjuration                  4
Comestibles
 c - 3 bread rations
 f - 4 fruits
 g - 3 meat rations
 w - a royal jelly
 F - 2 chunks of flesh


   Skills:
 + Level 6.1 Dodging
 - Level 2.4 Stealth
 - Level 6.0 Spellcasting
 - Level 7.0 Conjurations


You had 7 spell levels left.
You knew the following spells:

 Your Spells              Type           Power        Failure   Level  Hunger
a - Magic Dart            Conj           ####         1%          1    None
b - Searing Ray           Conj           #####.       1%          2    None
c - Force Lance           Conj/Tloc      ###.....     9%          4    ###....
d - Iskenderun's Mystic   Conj           #####...     1%          4    ###....


Dungeon Overview and Level Annotations

Branches:
Dungeon (4/15)
 Temple: D:4-7

Altars:
Dithmenos

Annotations:
D:3 Duvessa


Message History

Duvessa closely misses you. Duvessa closely misses you.
Duvessa rages.
Duvessa closely misses you. Duvessa barely misses you.
You hear an angry hiss.
Duvessa barely misses you. Duvessa hits you with a rapier.
Duvessa hits you with a rapier!
* * * LOW HITPOINT WARNING * * *
There is a stone staircase leading up here.
Duvessa closely misses you. Duvessa completely misses you.
You climb upwards.
There is a stone staircase leading down, spattered with blood here.
You see here a dagger.
Duvessa rages.
Items here: ))) [ a dagger; a club; a helmet; a club Duvessa hits you with a rapier.
You die...

......#############
.#.#### ...#
.############## .#
#.).((()((.# ##### .#
#.########.# #...###
## #.#
#.#############......
#.#
#.##..............###
#.#
#>##@##############
#.# #.)e.# ####.#
###### .....# ######


You could see Duvessa (berserk).

Vanquished Creatures
  A phantom (D:4)
  A bullfrog (D:2)
  Dowan (D:4)
  2 orc priests (D:4)
  Terence (D:3)
  3 worker ants (D:4)
  4 orc wizards
  Robin (D:3)
  6 adders
  An ooze (D:3)
  3 worms (D:3)
  5 dart slugs
  5 leopard geckos
  13 orcs
  4 giant cockroaches
  15 goblins
  6 hobgoblins
  3 jackals (D:3)
  4 kobolds
  2 quokkas
  8 bats
  6 frilled lizards
  10 rats
105 creatures vanquished.

Notes
Turn   | Place    | Note
-------+----------+-------------------------------------------
     0 | D:1      | FrankyJ the Deep Elf Conjurer began the quest for the Orb.
     0 | D:1      | Reached XP level 1. HP: 10/10 MP: 6/6
     2 | D:1      | Noticed a centaur
     4 | D:1      | Noticed a vampire
     4 | D:1      | Noticed a ghoul
     6 | D:1      | Noticed a dwarf
     8 | D:1      | Noticed a spriggan
    10 | D:1      | Noticed a halfling
    10 | D:1      | Noticed a human
    12 | D:1      | Noticed a merfolk
    12 | D:1      | Noticed a gargoyle
    14 | D:1      | Noticed a demigod
    14 | D:1      | Noticed a naga
    16 | D:1      | Noticed an octopode
    18 | D:1      | Noticed an ogre
    18 | D:1      | Noticed a demonspawn
    20 | D:1      | Noticed a vine stalker
    20 | D:1      | Noticed a draconian
    23 | D:1      | Noticed a troll
    23 | D:1      | Noticed an elf
    25 | D:1      | Noticed a formicid
    25 | D:1      | Noticed a tengu
    27 | D:1      | Noticed a felid
    27 | D:1      | Noticed a minotaur
   476 | D:1      | Reached XP level 2. HP: 15/15 MP: 8/8
   517 | D:1      | Reached skill level 5 in Conjurations
   521 | D:1      | Learned a level 2 spell: Searing Ray
  1089 | D:1      | Reached XP level 3. HP: 16/19 MP: 6/9
  1545 | D:2      | Noticed a bullfrog
  1552 | D:2      | Killed a bullfrog
  1552 | D:2      | Reached skill level 6 in Conjurations
  1552 | D:2      | Reached XP level 4. HP: 10/24 MP: 5/10
  2225 | D:3      | Found a shadowy altar of Dithmenos.
  2305 | D:3      | Reached skill level 7 in Conjurations
  2305 | D:3      | Reached XP level 5. HP: 27/28 MP: 3/11
  2311 | D:3      | Learned a level 4 spell: Force Lance
  2512 | D:3      | Learned a level 4 spell: Iskenderun's Mystic Blast
  3028 | D:3      | Reached skill level 5 in Spellcasting
  3044 | D:3      | Noticed Robin
  3045 | D:3      | Killed Robin
  3413 | D:3      | Reached XP level 6. HP: 24/32 MP: 7/16
  3567 | D:3      | Noticed Terence
  3575 | D:3      | Killed Terence
  4226 | D:4      | Reached skill level 5 in Dodging
  4226 | D:4      | Reached XP level 7. HP: 36/36 MP: 13/18
  4855 | D:4      | Noticed Dowan
  4859 | D:4      | Noticed Duvessa
  4860 | D:4      | Killed Dowan
  4878 | D:4      | HP: 1/36 [Duvessa/rapier (14)]
  4884 | D:3      | Slain by Duvessa

Vault maps used:
D:1:      kb_arrival_jail, serial_park_tiny_1
D:3:      minmay_diamond_boxcup, lemuel_crystal_altar, uniq_terence, uniq_robin
D:4:      first_bread, uniq_duvessa

Skill      XL: |  1  2  3  4  5  6  7 |
---------------+----------------------+-----
Conjurations   | 5 6 7 |  7.0
Spellcasting   | 5 6 |  6.0
Dodging        | 5 6 |  6.1
Stealth        | |  2.4

Action                   |  1- 3 |  4- 6 |  7- 9 || total
-------------------------+-------+-------+-------++-------
Melee: Dagger            |    30 |    24 |       ||    54
       Unarmed           |     3 |       |       ||     3
 Cast: Magic Dart        |    20 |    27 |     3 ||    50
       Searing Ray       |     8 |    32 |     6 ||    46
 Stab: Sleeping          |    13 |     5 |       ||    18
  Eat: Chunk             |     2 |     9 |     1 ||    12
Armor: Robe              |    15 |    13 |       ||    28
       Animal skin       |       |     4 |       ||     4
Dodge: Dodged            |    28 |    31 |    10 ||    69

Table legend:
 A = Spawn XP
 B = Non-spawn XP
 C = Spawn XP percentage of total XP
 D = Spawn monster count
 E = Non-spawn monster count
 F = Spawn count percentage of total count
 G = Total turns spent on level
                    A         B        C        D         E        F      G
               +---------+---------+-------+---------+---------+-------+---------
         Total |       0 |     941 |   0.0 |       0 |     105 |   0.0 |  4884
               +---------+---------+-------+---------+---------+-------+---------
           D:1 |       0 |      52 |   0.0 |       0 |      28 |   0.0 |  1522
           D:2 |       0 |     116 |   0.0 |       0 |      10 |   0.0 |   609
           D:3 |       0 |     296 |   0.0 |       0 |      51 |   0.0 |  1746
           D:4 |       0 |     477 |   0.0 |       0 |      16 |   0.0 |  1007
               +---------+---------+-------+---------+---------+-------+---------
